[Event "Romanian Championship Open 2025"]
[Site "Craiova"]
[Date "2025.02.15"]
[Round "1.15"]
[White "Harabor, David-Alexandru"]
[Black "Sachilaru, Alexandru"]
[Result "0-1"]
[Annotator "ChessBase"]
[ECO "B20"]
[WhiteElo "1929"]
[BlackElo "2305"]
[PlyCount "54"]
[EventDate "2025.02.12"]
[EventCountry "ROU"]
[SourceTitle "playchess.com"]
[Source "ChessBase"]
[SourceQuality "1"]
[TimeControl "40/5400+30:900+30"]

1. e4 c5 2. c4 Nc6 3. Nc3 g6 4. Nge2 Bg7 5. d3 e6 6. Be3 Nd4 7. Qd2 Ne7 8. Bxd4 cxd4 9. Nb5 O-O 10. Nbxd4 d5 11. g3 Qb6 12. Nb3 dxc4 13. dxc4 Rd8 14. Qc2 Nc6 15. Nc3 Nb4 16. Qb1 a5 17. Be2 a4 18. c5 Qc6 19. Nd2 a3 20. Nb3 axb2 21. Qxb2 Nxa2 22. Rxa2 Rxa2 23. Qxa2 Bxc3+ 24. Kf1 Qxe4 25. f3 Qe3 26. Qc2 e5 27. Qe4 Bh3# 0-1

[Event "Romanian Championship Open 2025"]
[Site "Craiova"]
[Date "2025.02.15"]
[Round "1.16"]
[White "Cnejev, Vladimir-Alexandru"]
[Black "Turlea, Constantin"]
[Result "1-0"]
[Annotator "ChessBase"]
[ECO "B53"]
[WhiteElo "2300"]
[BlackElo "1917"]
[PlyCount "79"]
[EventDate "2025.02.12"]
[EventCountry "ROU"]
[SourceTitle "playchess.com"]
[Source "ChessBase"]
[SourceQuality "1"]
[TimeControl "40/5400+30:900+30"]

1. e4 c5 2. Nf3 d6 3. d4 cxd4 4. Qxd4 Nc6 5. Qe3 Nf6 6. Be2 g6 7. c4 Bg7 8. Nc3 O-O 9. O-O b6 10. Rd1 Bb7 11. h3 Nd7 12. b3 Nb4 13. Ne1 Rc8 14. Bb2 Qe8 15. Rd2 Nf6 16. g3 Rd8 17. Rad1 Nc6 18. Bf3 Qd7 19. Bg2 Qc8 20. f4 Rfe8 21. e5 dxe5 22. fxe5 Rxd2 23. Rxd2 Nd7 24. e6 Nde5 25. exf7+ Nxf7 26. Nd5 e5 27. Rf2 Rf8 28. Nf6+ Kh8 29. Ba3 Rd8 30. Nxh7 Qe6 31. Ng5 Nxg5 32. Qxg5 e4 33. Nc2 Rd1+ 34. Kh2 Ne5 35. Ne3 Re1 36. Bb4 Ra1 37. Bc3 Rb1 38. Bxe5 Qxe5 39. Rf8+ Kh7 40. Qxe5 1-0

[Event "Romanian Championship Open 2025"]
[Site "Craiova"]
[Date "2025.02.15"]
[Round "1.17"]
[White "Cimpoiasu, Dan"]
[Black "Serban, Cristian-Stefan"]
[Result "1/2-1/2"]
[Annotator "ChessBase"]
[ECO "D38"]
[WhiteElo "1878"]
[BlackElo "2295"]
[PlyCount "64"]
[EventDate "2025.02.12"]
[EventCountry "ROU"]
[SourceTitle "playchess.com"]
[Source "ChessBase"]
[SourceQuality "1"]
[TimeControl "40/5400+30:900+30"]

1. d4 Nf6 2. c4 e6 3. Nf3 d5 4. Bg5 Bb4+ 5. Nc3 h6 6. Bxf6 Qxf6 7. e3 O-O 8. Rc1 c6 9. Bd3 Nd7 10. O-O Rd8 11. Qe2 dxc4 12. Bxc4 Bxc3 13. Rxc3 c5 14. Bb5 cxd4 15. exd4 Nb6 16. Ne5 Rxd4 17. Rf3 Rf4 18. Rxf4 Qxf4 19. Rd1 Nd5 20. Bc4 b6 21. g3 Qf5 22. Nc6 Qf6 23. Bxd5 exd5 24. Ne7+ Kh8 25. Nxc8 Rxc8 26. Rxd5 Rd8 27. Rxd8+ Qxd8 28. a3 Qd5 29. h4 h5 30. Kh2 g6 31. Qe3 Kh7 32. Qf4 Kg7 1/2-1/2

[Event "Romanian Championship Open 2025"]
[Site "Craiova"]
[Date "2025.02.15"]
[Round "1.18"]
[White "Cosma, Ioan"]
[Black "Zlate-Ion, Matei"]
[Result "1-0"]
[Annotator "ChessBase"]
[ECO "D25"]
[WhiteElo "2286"]
[BlackElo "1845"]
[PlyCount "75"]
[EventDate "2025.02.12"]
[EventCountry "ROU"]
[SourceTitle "playchess.com"]
[Source "ChessBase"]
[SourceQuality "1"]
[TimeControl "40/5400+30:900+30"]

1. Nf3 d5 2. d4 Nf6 3. c4 dxc4 4. e3 g6 5. Bxc4 Bg7 6. O-O O-O 7. Nc3 a6 8. a4 Bf5 9. Qe2 Ne4 10. Rd1 c6 11. a5 Nd7 12. Nxe4 Bxe4 13. Nd2 Bc2 14. Re1 e5 15. Nf1 Be4 16. Ng3 Bd5 17. Bxd5 cxd5 18. Qf3 e4 19. Qd1 b5 20. axb6 Qxb6 21. Qa4 Nf6 22. Ne2 h5 23. h3 h4 24. Bd2 g5 25. Bb4 Rfb8 26. Rec1 Kh7 27. Ba3 g4 28. hxg4 Nxg4 29. Qc6 Qd8 30. Nf4 Nf6 31. Qc7 Rc8 32. Qxf7 Qe8 33. Qxe8 Rxe8 34. Rc7 Kh6 35. Rac1 Bf8 36. R1c6 Bxa3 37. Rxf6+ Kg5 38. Rg6+ 1-0

[Event "Romanian Championship Open 2025"]
[Site "Craiova"]
[Date "2025.02.15"]
[Round "1.19"]
[White "Vlagiu, Alexandru-Andrei"]
[Black "Coicev, Matei-Andrei"]
[Result "1/2-1/2"]
[Annotator "ChessBase"]
[ECO "E07"]
[WhiteElo "1837"]
[BlackElo "2286"]
[PlyCount "152"]
[EventDate "2025.02.12"]
[EventCountry "ROU"]
[SourceTitle "playchess.com"]
[Source "ChessBase"]
[SourceQuality "1"]
[TimeControl "40/5400+30:900+30"]

1. Nf3 Nf6 2. g3 d5 3. Bg2 e6 4. O-O Be7 5. c4 O-O 6. d4 c6 7. Nc3 Nbd7 8. b3 b6 9. Bb2 Ba6 10. Rc1 Rc8 11. Re1 dxc4 12. e4 cxb3 13. axb3 Bb7 14. Qd3 Re8 15. Red1 c5 16. d5 Bf8 17. dxe6 fxe6 18. Qe3 Qe7 19. Nb5 Nxe4 20. Nd2 a6 21. Bxe4 Bxe4 22. Nxe4 axb5 23. Nd6 Nf6 24. Bxf6 Qxf6 25. Nxe8 Rxe8 26. Qe2 c4 27. bxc4 b4 28. Rd7 Bc5 29. Kg2 Rf8 30. f4 Ra8 31. Re1 b3 32. Qxe6+ Qxe6 33. Rxe6 Ra2+ 34. Kh3 h6 35. Re8+ Kh7 36. Re1 Rc2 37. Rb1 b2 38. f5 Kg8 39. Kg4 Rxh2 40. Kf4 Rc2 41. Ke5 Bb4 42. Rd3 Rxc4 43. Kd5 Rc5+ 44. Kd4 Rxf5 45. Rxb2 Bc5+ 46. Ke4 Rf6 47. Rd7 Kh7 48. Ra2 Rg6 49. Kf3 Bd6 50. g4 Rf6+ 51. Ke4 Kg6 52. Raa7 Bf8 53. Rab7 Kg5 54. Rf7 Kxg4 55. Rxf6 gxf6 56. Rf7 Bc5 57. Rxf6 Kg5 58. Rf7 h5 59. Kf3 Kg6 60. Rb7 Kg5 61. Kg2 Kh4 62. Kh1 Kg4 63. Kg2 Bd4 64. Kh1 h4 65. Kg2 Bc5 66. Kh1 Kf3 67. Rb8 Bd4 68. Rb7 Be3 69. Rb8 Ke4 70. Kg2 Kd5 71. Rxb6 Bxb6 72. Kh1 Ke4 73. Kg2 Kf4 74. Kh1 Kf3 75. Kh2 Kg4 76. Kh1 Kh3 1/2-1/2

[Event "Romanian Championship Open 2025"]
[Site "Craiova"]
[Date "2025.02.15"]
[Round "1.20"]
[White "Dobre, Claudiu-Cristian"]
[Black "Rosca, Mario-Andrei"]
[Result "1-0"]
[Annotator "ChessBase"]
[ECO "A50"]
[WhiteElo "2279"]
[BlackElo "1828"]
[PlyCount "65"]
[EventDate "2025.02.12"]
[EventCountry "ROU"]
[SourceTitle "playchess.com"]
[Source "ChessBase"]
[SourceQuality "1"]
[TimeControl "40/5400+30:900+30"]

1. c4 b6 2. d4 Nf6 3. Nc3 Bb7 4. Qc2 d5 5. cxd5 Nxd5 6. e4 Nxc3 7. bxc3 g6 8. h4 h5 9. Nf3 Bg7 10. Rb1 Nd7 11. Bg5 Bf6 12. Bxf6 exf6 13. Rh3 Qe7 14. Nd2 f5 15. e5 O-O 16. Be2 f4 17. Kf1 c5 18. Bf3 Bxf3 19. Nxf3 Rfd8 20. Qe4 cxd4 21. cxd4 Rac8 22. Qxf4 Nf8 23. Qh6 Qa3 24. Re1 Rc2 25. e6 fxe6 26. Rg3 Qd3+ 27. Kg1 Qf5 28. Re5 Qf6 29. Rxg6+ Nxg6 30. Rg5 Rc1+ 31. Kh2 Qf4+ 32. g3 Rh1+ 33. Kg2 1-0

[Event "Romanian Championship Open 2025"]
[Site "Craiova"]
[Date "2025.02.15"]
[Round "1.21"]
[White "Sementov, Andrei"]
[Black "Manea, Alexandru"]
[Result "0-1"]
[Annotator "ChessBase"]
[ECO "B00"]
[WhiteElo "1821"]
[BlackElo "2272"]
[PlyCount "80"]
[EventDate "2025.02.12"]
[EventCountry "ROU"]
[SourceTitle "playchess.com"]
[Source "ChessBase"]
[SourceQuality "1"]
[TimeControl "40/5400+30:900+30"]

1. e4 b6 2. d4 Bb7 3. Bd3 g6 4. Nf3 Bg7 5. O-O d6 6. c3 Nd7 7. Nbd2 e6 8. Re1 Ne7 9. Nf1 a6 10. Ng3 O-O 11. Bd2 e5 12. dxe5 Nxe5 13. Nxe5 dxe5 14. Qc2 Qd6 15. Rad1 Qe6 16. b3 h6 17. a4 Qc6 18. Bf1 Bc8 19. h3 Be6 20. Bc1 Rfe8 21. Ba3 Bf8 22. Rd2 h5 23. h4 Bh6 24. Rd3 Bg7 25. Red1 Bf6 26. c4 Bxh4 27. Be2 Bg4 28. Bxg4 hxg4 29. Qe2 Qe6 30. Bxe7 Bxe7 31. Rd5 c6 32. Rd7 Bc5 33. Qd3 Bd4 34. Rb7 c5 35. a5 bxa5 36. Ne2 Qc6 37. Nxd4 cxd4 38. Rxf7 Kxf7 39. Qe2 Qe6 40. Qd2 Rab8 0-1

[Event "Romanian Championship Open 2025"]
[Site "Craiova"]
[Date "2025.02.16"]
[Round "2.1"]
[White "Lupulescu, Constantin"]
[Black "Nastore, Pavel-Alexandru"]
[Result "1/2-1/2"]
[Annotator "ChessBase"]
[ECO "D31"]
[WhiteElo "2603"]
[BlackElo "2250"]
[PlyCount "75"]
[EventDate "2025.02.12"]
[EventCountry "ROU"]
[SourceTitle "playchess.com"]
[Source "ChessBase"]
[SourceQuality "1"]
[TimeControl "40/5400+30:900+30"]

1. d4 d5 2. c4 e6 3. Nc3 Be7 4. cxd5 exd5 5. Bf4 c6 6. e3 Bf5 7. g4 Be6 8. h4 Nd7 9. Qb3 b5 10. g5 h6 11. Nf3 Bg4 12. Nh2 Be6 13. Rg1 hxg5 14. hxg5 a5 15. Qc2 a4 16. a3 Qa5 17. Bd3 Nb6 18. Ke2 Nc4 19. Nf3 g6 20. Ne5 Nxe5 21. Bxe5 Rh3 22. Rh1 Bg4+ 23. Kd2 Kd7 24. Rxh3 Bxh3 25. f4 b4 26. axb4 Bxb4 27. f5 Ne7 28. fxg6 fxg6 29. Bf6 Nf5 30. Rh1 Bg4 31. Rh7+ Kc8 32. e4 Nd6 33. exd5 cxd5 34. Kc1 Bxc3 35. bxc3 a3 36. Rh8+ Kd7 37. Rxa8 Qxa8 38. Kb1 1/2-1/2

[Event "Romanian Championship Open 2025"]
[Site "Craiova"]
[Date "2025.02.16"]
[Round "2.2"]
[White "Gales, Randi-Ioan"]
[Black "Nisipeanu, Liviu-Dieter"]
[Result "0-1"]
[Annotator "ChessBase"]
[ECO "A59"]
[WhiteElo "2247"]
[BlackElo "2596"]
[PlyCount "80"]
[EventDate "2025.02.12"]
[EventCountry "ROU"]
[SourceTitle "playchess.com"]
[Source "ChessBase"]
[SourceQuality "1"]
[TimeControl "40/5400+30:900+30"]

1. d4 Nf6 2. c4 c5 3. d5 b5 4. cxb5 a6 5. bxa6 Bxa6 6. Nc3 g6 7. e4 Bxf1 8. Kxf1 d6 9. Nf3 Bg7 10. g3 O-O 11. Kg2 Na6 12. Qe2 Qb6 13. Rd1 Qb7 14. a4 Nc7 15. Ra2 Rfb8 16. Bf4 Qb3 17. Rd2 Nh5 18. Bg5 Re8 19. Ra3 Qb4 20. Na2 Qb7 21. Qc4 h6 22. Be3 Reb8 23. e5 dxe5 24. Bxc5 e4 25. Qxe4 Nf6 26. Qc4 Ncxd5 27. b4 e6 28. a5 Rc8 29. a6 Qc6 30. Rc2 Nd7 31. a7 Bf8 32. Ra5 Rc7 33. Qe4 Bxc5 34. bxc5 Rcxa7 35. Rxa7 Rxa7 36. Nc1 Ra3 37. Rc4 Rxf3 38. Kxf3 f5 39. Qd4 e5 40. Qb2 Nc3+ 0-1

[Event "Romanian Championship Open 2025"]
[Site "Craiova"]
[Date "2025.02.16"]
[Round "2.3"]
[White "Gavrilescu, David"]
[Black "Bonte, Andrei-Mihai"]
[Result "1-0"]
[Annotator "ChessBase"]
[ECO "C02"]
[WhiteElo "2543"]
[BlackElo "2237"]
[PlyCount "45"]
[EventDate "2025.02.12"]
[EventCountry "ROU"]
[SourceTitle "playchess.com"]
[Source "ChessBase"]
[SourceQuality "1"]
[TimeControl "40/5400+30:900+30"]

1. e4 e6 2. d4 d5 3. e5 c5 4. c3 Nc6 5. Nf3 Qb6 6. Be2 cxd4 7. cxd4 Nh6 8. Bxh6 Qxb2 9. Nbd2 gxh6 10. O-O Bd7 11. Nb3 Rc8 12. Ne1 Nb4 13. Rb1 Qa3 14. Nc5 Bxc5 15. dxc5 Rxc5 16. Bh5 a5 17. Qg4 Qxa2 18. Nf3 Rf8 19. Qg7 Rc2 20. Ra1 Qc4 21. Qxh6 Qd3 22. Ng5 Qf5 23. Nxh7 1-0

[Event "Romanian Championship Open 2025"]
[Site "Craiova"]
[Date "2025.02.16"]
[Round "2.4"]
[White "Negrean, Andrei"]
[Black "Parligras, Mircea-Emilian"]
[Result "1/2-1/2"]
[Annotator "ChessBase"]
[ECO "B92"]
[WhiteElo "2224"]
[BlackElo "2528"]
[PlyCount "55"]
[EventDate "2025.02.12"]
[EventCountry "ROU"]
[SourceTitle "playchess.com"]
[Source "ChessBase"]
[SourceQuality "1"]
[TimeControl "40/5400+30:900+30"]

1. e4 c5 2. Nf3 d6 3. d4 cxd4 4. Nxd4 Nf6 5. Nc3 a6 6. Be2 e5 7. Nb3 Be7 8. O-O O-O 9. Kh1 Nc6 10. f4 Re8 11. a4 h6 12. Be3 exf4 13. Bxf4 Bf8 14. Bc4 Ne5 15. Bxe5 Rxe5 16. Qd3 Be6 17. Bxe6 fxe6 18. Nd4 Rc8 19. Rae1 Qc7 20. Qg3 Qc4 21. Rxf6 Qxd4 22. Rxh6 Qd2 23. Rh4 Rg5 24. Rh8+ Kxh8 25. Qh3+ Kg8 26. Qxe6+ Kh7 27. Qh3+ Kg8 28. Qe6+ 1/2-1/2

[Event "Romanian Championship Open 2025"]
[Site "Craiova"]
[Date "2025.02.16"]
[Round "2.5"]
[White "Jianu, Vlad-Cristian"]
[Black "Daianu, Cristian-Clement"]
[Result "1-0"]
[Annotator "ChessBase"]
[ECO "E60"]
[WhiteElo "2467"]
[BlackElo "2214"]
[PlyCount "83"]
[EventDate "2025.02.12"]
[EventCountry "ROU"]
[SourceTitle "playchess.com"]
[Source "ChessBase"]
[SourceQuality "1"]
[TimeControl "40/5400+30:900+30"]

1. d4 Nf6 2. Nf3 g6 3. c4 Bg7 4. e3 O-O 5. Be2 c5 6. dxc5 Qc7 7. a3 Qxc5 8. b4 Qc7 9. Bb2 b6 10. O-O Bb7 11. Nc3 d6 12. Rc1 Nbd7 13. Qb3 Rac8 14. Rfd1 Qb8 15. Nd4 Qa8 16. Bf1 Ne5 17. Ndb5 a6 18. Nd4 d5 19. cxd5 Nxd5 20. Na4 Rcd8 21. b5 axb5 22. Nxb5 Qb8 23. h3 e6 24. Bd4 Nd7 25. Bxg7 Kxg7 26. Nbc3 N7f6 27. Nxd5 Bxd5 28. Qb4 Qa7 29. Rb1 Be4 30. Rxd8 Rxd8 31. Rc1 Ra8 32. Bb5 Bd5 33. Qd4 Qe7 34. Nxb6 Qxa3 35. Rd1 Ra7 36. Nd7 Rxd7 37. Bxd7 Qa8 38. f3 Qb8 39. Ba4 e5 40. Qc5 Qa8 41. Bc2 Qa2 42. Qc3 1-0

[Event "Romanian Championship Open 2025"]
[Site "Craiova"]
[Date "2025.02.16"]
[Round "2.6"]
[White "Magold, Filip"]
[Black "Tanasie, Cosmin"]
[Result "1/2-1/2"]
[Annotator "ChessBase"]
[ECO "A44"]
[WhiteElo "2431"]
[BlackElo "2198"]
[PlyCount "49"]
[EventDate "2025.02.12"]
[EventCountry "ROU"]
[SourceTitle "playchess.com"]
[Source "ChessBase"]
[SourceQuality "1"]
[TimeControl "40/5400+30:900+30"]

1. d4 c5 2. d5 e5 3. e4 d6 4. Nc3 Be7 5. f4 exf4 6. Bxf4 Bg5 7. Bb5+ Kf8 8. Bg3 Bh4 9. Qf3 a6 10. Bd3 Qg5 11. Bxh4 Qxh4+ 12. g3 Qf6 13. Qf4 Nd7 14. Nf3 Ne7 15. Qxf6 Nxf6 16. Nd2 Ng6 17. Nc4 Ke7 18. a4 Nd7 19. Nd1 Nge5 20. Nde3 Nxc4 21. Nf5+ Kd8 22. Bxc4 Ne5 23. Ne3 Re8 24. O-O Bd7 25. a5 1/2-1/2

[Event "Romanian Championship Open 2025"]
[Site "Craiova"]
[Date "2025.02.16"]
[Round "2.7"]
[White "Sava, Robert-Gabriel"]
[Black "Secheres, Adrian-Simion"]
[Result "0-1"]
[Annotator "ChessBase"]
[ECO "E94"]
[WhiteElo "2183"]
[BlackElo "2350"]
[PlyCount "118"]
[EventDate "2025.02.12"]
[EventCountry "ROU"]
[SourceTitle "playchess.com"]
[Source "ChessBase"]
[SourceQuality "1"]
[TimeControl "40/5400+30:900+30"]

1. d4 Nf6 2. c4 g6 3. Nc3 Bg7 4. e4 d6 5. Nf3 O-O 6. Be2 Na6 7. O-O e5 8. Bg5 h6 9. Bxf6 Qxf6 10. c5 exd4 11. Nd5 Qd8 12. Bxa6 bxa6 13. Nxd4 dxc5 14. Nc6 Qd6 15. e5 Qe6 16. f4 Kh8 17. Nde7 Bd7 18. Qf3 Rae8 19. Rfd1 Rxe7 20. Nxe7 Qxe7 21. Rac1 Be6 22. Qc6 c4 23. b3 cxb3 24. axb3 Qb4 25. g3 Qxb3 26. Qc3 Qb6+ 27. Kg2 Qb7+ 28. Qc6 Qb2+ 29. Rc2 Qb3 30. Rdd2 a5 31. Rc3 Qb4 32. Qxc7 Qe4+ 33. Kf2 Qh1 34. Ke3 Bg4 35. Rcc2 Qg1+ 36. Rf2 Rc8 37. Qxc8+ Bxc8 38. Rxc8+ Kh7 39. Rc7 Qb1 40. Kf3 Qb3+ 41. Kg2 Qd5+ 42. Kh3 a4 43. Rfc2 a3 44. Rxa7 Qe6+ 45. Kg2 Qb3 46. Rc5 Bf8 47. Rca5 Qc2+ 48. Kh3 Qf5+ 49. Kg2 g5 50. e6 Qe4+ 51. Kf1 Qf3+ 52. Kg1 Bc5+ 53. Rxc5 Qe3+ 54. Kg2 Qxc5 55. e7 Qc6+ 56. Kf2 Qe6 57. fxg5 hxg5 58. g4 a2 59. h3 Qb6+ 0-1

[Event "Romanian Championship Open 2025"]
[Site "Craiova"]
[Date "2025.02.16"]
[Round "2.8"]
[White "David, Alexandru-Vasile"]
[Black "Leu, Dragos Stefan"]
[Result "1-0"]
[Annotator "ChessBase"]
[ECO "E29"]
[WhiteElo "2331"]
[BlackElo "2180"]
[PlyCount "45"]
[EventDate "2025.02.12"]
[EventCountry "ROU"]
[SourceTitle "playchess.com"]
[Source "ChessBase"]
[SourceQuality "1"]
[TimeControl "40/5400+30:900+30"]

1. d4 Nf6 2. c4 e6 3. Nc3 Bb4 4. e3 O-O 5. a3 Bxc3+ 6. bxc3 b6 7. Bd3 c5 8. e4 Nc6 9. Ne2 Ne8 10. O-O Ba6 11. f4 Na5 12. f5 Bxc4 13. f6 Nxf6 14. Bg5 Qc7 15. Rxf6 gxf6 16. Bxf6 Rfc8 17. Bxc4 Nxc4 18. Qd3 d5 19. e5 Rcb8 20. Nf4 Qc6 21. Be7 h6 22. Nh5 f5 23. Qg3+ 1-0

[Event "Romanian Championship Open 2025"]
[Site "Craiova"]
[Date "2025.02.16"]
[Round "2.9"]
[White "Voiteanu, Gabriel"]
[Black "Filip, Lucian-Ioan"]
[Result "1/2-1/2"]
[Annotator "ChessBase"]
[ECO "E75"]
[WhiteElo "2159"]
[BlackElo "2328"]
[PlyCount "92"]
[EventDate "2025.02.12"]
[EventCountry "ROU"]
[SourceTitle "playchess.com"]
[Source "ChessBase"]
[SourceQuality "1"]
[TimeControl "40/5400+30:900+30"]

1. d4 Nf6 2. c4 g6 3. Nc3 Bg7 4. e4 d6 5. Be2 O-O 6. Bg5 c5 7. d5 e6 8. Qd2 exd5 9. exd5 Qb6 10. Nf3 Bf5 11. O-O Ne4 12. Nxe4 Bxe4 13. Rae1 Nd7 14. b3 Rfe8 15. h3 a5 16. Nh2 Qb4 17. Bg4 f5 18. Be2 a4 19. Qxb4 cxb4 20. Bd2 axb3 21. axb3 Bc3 22. Bxc3 bxc3 23. Rc1 Bxg2 24. Kxg2 Rxe2 25. Rxc3 Nc5 26. Nf3 Ne4 27. Re3 Rb2 28. h4 Raa2 29. Ng5 Nxf2 30. Re8+ Kg7 31. Re7+ Kf8 32. Rxb7 Ne4+ 33. Kf3 Nd2+ 34. Kf4 Nxf1 35. Ne6+ Ke8 36. Kg5 Nd2 37. Rc7 Ne4+ 38. Kh6 Nc5 39. Nxc5 dxc5 40. Rxc5 Rxb3 41. Kxh7 f4 42. Kxg6 f3 43. Rc8+ Kd7 44. Rf8 Rg2+ 45. Kh5 Ke7 46. Rf4 Rb8 1/2-1/2

[Event "Romanian Championship Open 2025"]
[Site "Craiova"]
[Date "2025.02.16"]
[Round "2.10"]
[White "Filip, Andrei"]
[Black "Ignat, Matei-Marius"]
[Result "1/2-1/2"]
[Annotator "ChessBase"]
[ECO "B36"]
[WhiteElo "2320"]
[BlackElo "2137"]
[PlyCount "198"]
[EventDate "2025.02.12"]
[EventCountry "ROU"]
[SourceTitle "playchess.com"]
[Source "ChessBase"]
[SourceQuality "1"]
[TimeControl "40/5400+30:900+30"]

1. e4 c5 2. Nf3 Nc6 3. d4 cxd4 4. Nxd4 g6 5. c4 Nf6 6. Nc3 d6 7. Be2 Nxd4 8. Qxd4 Bg7 9. Be3 O-O 10. Qd3 a5 11. O-O a4 12. Bd4 Bd7 13. f4 Bc6 14. f5 Nd7 15. Bxg7 Kxg7 16. Kh1 Qb6 17. Qd2 f6 18. Bd3 Ne5 19. Ne2 g5 20. Rab1 Rfc8 21. b3 axb3 22. axb3 Ra3 23. Bc2 Rca8 24. Nd4 Kh8 25. h4 Nf7 26. Ne6 Bd7 27. e5 Qa5 28. Qxa5 R3xa5 29. exf6 exf6 30. hxg5 fxg5 31. Nc7 Rc8 32. Ne6 Re5 33. Rbe1 Rxe1 34. Rxe1 b5 35. Nd4 bxc4 36. Re7 cxb3 37. Bxb3 Ne5 38. g3 h5 39. Be6 Bxe6 40. fxe6 Rc1+ 41. Kg2 Re1 42. Rd7 Ng6 43. Rxd6 g4 44. Nf5 h4 45. gxh4 Rxe6 46. Rd8+ Kh7 47. Rd7+ Kh8 48. Kg3 Nxh4 49. Nxh4 Kg8 50. Kxg4 Kf8 51. Kf5 Re1 52. Ng6+ Ke8 53. Rh7 Kd8 54. Ne5 Ra1 55. Nc6+ Kc8 56. Ke6 Rd1 57. Nb4 Rg1 58. Nd3 Rg6+ 59. Kd5 Rg5+ 60. Ne5 Rg1 61. Nc4 Rc1 62. Nb6+ Kd8 63. Kd6 Ke8 64. Re7+ Kd8 65. Ra7 Ke8 66. Nd7 Rb1 67. Nf6+ Kf8 68. Nh7+ Ke8 69. Ng5 Rb6+ 70. Ke5 Rb5+ 71. Kf6 Rb1 72. Nf7 Rb6+ 73. Kf5 Rb5+ 74. Ke6 Kf8 75. Nd6 Rb1 76. Ra8+ Kg7 77. Nf5+ Kh7 78. Ra7+ Kg8 79. Ke7 Rc1 80. Rd7 Ra1 81. Kf6 Ra6+ 82. Nd6 Ra1 83. Rb7 Ra6 84. Rg7+ Kf8 85. Rd7 Kg8 86. Kg6 Kf8 87. Kh7 Ra7 88. Nb7 Ra1 89. Nc5 Rh1+ 90. Kg6 Rg1+ 91. Kf6 Rf1+ 92. Ke5 Re1+ 93. Ne4 Ra1 94. Nd6 Re1+ 95. Kf6 Rf1+ 96. Nf5 Ke8 97. Rd2 Rf4 98. Ke5 Rf1 99. Ng3 Re1+ 1/2-1/2

[Event "Romanian Championship Open 2025"]
[Site "Craiova"]
[Date "2025.02.16"]
[Round "2.11"]
[White "Sachilaru, Alexandru"]
[Black "Danila, Tudor-Gabriel"]
[Result "1/2-1/2"]
[Annotator "ChessBase"]
[ECO "B12"]
[WhiteElo "2305"]
[BlackElo "2136"]
[PlyCount "162"]
[EventDate "2025.02.12"]
[EventCountry "ROU"]
[SourceTitle "playchess.com"]
[Source "ChessBase"]
[SourceQuality "1"]
[TimeControl "40/5400+30:900+30"]

1. e4 c6 2. d4 d5 3. e5 c5 4. dxc5 e6 5. Qg4 h5 6. Qd1 Bxc5 7. Nf3 Nc6 8. Bd3 Qc7 9. Qe2 g5 10. Bxg5 Nd4 11. Nxd4 Bxd4 12. c3 Bxe5 13. Bb5+ Bd7 14. Bxd7+ Kxd7 15. Nd2 Re8 16. Rc1 f6 17. Be3 Ne7 18. O-O Bxh2+ 19. Kh1 Nc6 20. f4 Bg3 21. c4 d4 22. Bxd4 Nxd4 23. Qd3 Kc8 24. Qxd4 Kb8 25. Ne4 Bxf4 26. Nxf6 Bxc1 27. Nxe8 Rxe8 28. Rxc1 Rd8 29. Qe4 Rg8 30. Qxe6 Qg3 31. Qd5 a6 32. c5 Rg6 33. Qf3 Qe5 34. Qf2 Qd5 35. Re1 Rg8 36. b4 h4 37. Qf3 Qc4 38. Qe4 Rg4 39. Qxc4 Rxc4 40. a3 a5 41. bxa5 Rxc5 42. Re4 Rxa5 43. a4 Rh5 44. Kh2 Kc7 45. Kh3 Kd6 46. Rxh4 Ra5 47. Rb4 Ke6 48. g4 Ra7 49. Kh4 Kf6 50. Kh5 Kg7 51. Kg5 Ra5+ 52. Kf4 b6 53. Ke3 Kf7 54. Kd3 Ke7 55. Kc3 Kd7 56. Kb3 Re5 57. Rd4+ Ke7 58. Kc4 Ra5 59. Kb4 Rg5 60. Kc3 Ra5 61. Rb4 Rg5 62. Kd3 Ra5 63. Ke3 Kf7 64. Kf3 Kg7 65. Kg3 Kf7 66. Kh4 Kg7 67. g5 Kf7 68. Kh5 Kg7 69. Rc4 Ra7 70. Rd4 Rc7 71. Rd6 Ra7 72. Rd4 Rc7 73. Rb4 Ra7 74. Kg4 Ra5 75. Kf4 Kf7 76. Kg4 Kg7 77. Kh5 Ra7 78. Rxb6 Rxa4 79. Rb7+ Kg8 80. Kh6 Ra6+ 81. g6 Ra8 1/2-1/2

[Event "Romanian Championship Open 2025"]
[Site "Craiova"]
[Date "2025.02.16"]
[Round "2.12"]
[White "Lucaci, Alin-Marian"]
[Black "Cnejev, Vladimir-Alexandru"]
[Result "0-1"]
[Annotator "ChessBase"]
[ECO "D35"]
[WhiteElo "2137"]
[BlackElo "2300"]
[PlyCount "99"]
[EventDate "2025.02.12"]
[EventCountry "ROU"]
[SourceTitle "playchess.com"]
[Source "ChessBase"]
[SourceQuality "1"]
[TimeControl "40/5400+30:900+30"]

1. d4 d5 2. c4 e6 3. Nc3 Be7 4. cxd5 exd5 5. Bf4 Nf6 6. e3 Bf5 7. Qb3 Nc6 8. Bb5 O-O 9. Nf3 Nb4 10. Rc1 c6 11. Be2 Nh5 12. Be5 f6 13. Bg3 Qb6 14. e4 Bg6 15. O-O Nxg3 16. hxg3 Bf7 17. e5 Na6 18. Qd1 Bh5 19. Na4 Qa5 20. a3 b5 21. Nc3 Rae8 22. Qd2 Qb6 23. Rc2 Nc7 24. Rfc1 Bxf3 25. Bxf3 fxe5 26. dxe5 Ne6 27. Rd1 Kh8 28. Ne2 Bc5 29. Nf4 Nd4 30. b4 Nxf3+ 31. gxf3 Be7 32. Rdc1 Bg5 33. Ng6+ hxg6 34. Qxg5 Rxf3 35. Qxg6 Rxe5 36. Kg2 Rf6 37. Rh1+ Kg8 38. Qh7+ Kf7 39. f4 Qe3 40. Rf2 Qe4+ 41. Qxe4 Rxe4 42. Rc1 Ke7 43. f5 Kd6 44. Rfc2 Rc4 45. Rxc4 bxc4 46. g4 Ke5 47. Kf3 Kd4 48. Kf4 c3 49. g5 Rf8 50. a4 0-1

[Event "Romanian Championship Open 2025"]
[Site "Craiova"]
[Date "2025.02.16"]
[Round "2.13"]
[White "Sprincean, Lukas George"]
[Black "Cosma, Ioan"]
[Result "0-1"]
[Annotator "ChessBase"]
[ECO "B87"]
[WhiteElo "2134"]
[BlackElo "2286"]
[PlyCount "120"]
[EventDate "2025.02.12"]
[EventCountry "ROU"]
[SourceTitle "playchess.com"]
[Source "ChessBase"]
[SourceQuality "1"]
[TimeControl "40/5400+30:900+30"]

1. e4 c5 2. Nf3 d6 3. d4 Nf6 4. Nc3 cxd4 5. Nxd4 a6 6. Bc4 e6 7. Bb3 b5 8. f3 Bb7 9. Be3 Nc6 10. a3 Na5 11. Qe2 e5 12. Nf5 Nxb3 13. cxb3 g6 14. Ng3 h5 15. O-O-O Be7 16. Kb1 O-O 17. Bg5 Rc8 18. Qd2 Ne8 19. Bh6 Ng7 20. f4 a5 21. Nd5 Bxd5 22. exd5 exf4 23. Qxf4 Bf6 24. Ne4 Be5 25. Qf2 a4 26. b4 Rc4 27. Nd2 Rd4 28. Nf3 Rxd1+ 29. Rxd1 Re8 30. Qf1 Nf5 31. Bg5 Qd7 32. Qd3 Rc8 33. Nxe5 dxe5 34. Qe4 Qd6 35. Be3 Rc4 36. Qd3 Nd4 37. Qe4 f5 38. Qh4 Qxd5 39. Bxd4 Rxd4 40. Rxd4 exd4 41. Qg3 Qe4+ 42. Ka1 Kh7 43. Qc7+ Kh6 44. Qd8 h4 45. g3 hxg3 46. h4 Qe5 47. Qg5+ Kh7 48. h5 gxh5 49. Qxh5+ Kg7 50. Qg5+ Kf7 51. Qh5+ Ke7 52. Qh7+ Kd6 53. Qb7 d3 54. Qb8+ Kd5 55. Qxb5+ Ke4 56. Qc6+ Qd5 57. Qe8+ Kf4 58. Qh5 d2 59. Qh4+ Kf3 60. Qh1+ g2 0-1

[Event "Romanian Championship Open 2025"]
[Site "Craiova"]
[Date "2025.02.16"]
[Round "2.14"]
[White "Korcsek, Alexandru-David"]
[Black "Dobre, Claudiu-Cristian"]
[Result "1/2-1/2"]
[Annotator "ChessBase"]
[ECO "B12"]
[WhiteElo "2127"]
[BlackElo "2279"]
[PlyCount "64"]
[EventDate "2025.02.12"]
[EventCountry "ROU"]
[SourceTitle "playchess.com"]
[Source "ChessBase"]
[SourceQuality "1"]
[TimeControl "40/5400+30:900+30"]

1. e4 c6 2. d4 d5 3. e5 c5 4. dxc5 e6 5. Qg4 Nc6 6. Nf3 h5 7. Qf4 Bxc5 8. Be2 f6 9. Qg3 Kf7 10. O-O Nge7 11. Bd3 Nb4 12. h4 Nxd3 13. cxd3 Nf5 14. Qf4 Qb6 15. Nbd2 Qb4 16. Nb3 Qxf4 17. Bxf4 Bb6 18. a4 Bc7 19. Rfc1 Bb8 20. a5 Nxh4 21. Nxh4 g5 22. Bh2 gxh4 23. exf6 Kxf6 24. Bxb8 Rxb8 25. Rc7 Rd8 26. Ra4 e5 27. Rxh4 Bg4 28. f3 Kg5 29. Rg7+ Kf6 30. Rc7 Kg5 31. Rg7+ Kf6 32. Rc7 Kg5 1/2-1/2